Map: Ruines de Seras

Players

Worming

  • Race: Zerg Zerg
  • League: Platinum

IIllIIllIIll (Tefel) - Winner!

  • Race: Zerg Zerg

VOD

Have the link to the VOD?

Description

Time

  • Played on: Nov. 12, 2015, 12:33 p.m.
  • Length: 7:56
Show
View Real Time Build Order
Export as new Build Order

Worming Zerg 

Build Orders: Hatch First, Zergling Baneling 

Get SALT Encoding   

  12  0:01  Drone  
  13  0:12  Overlord  
  13  0:27  Drone  
  14  0:30  Drone  
  15  0:35  Drone  
  16  0:45  Drone  
  17  0:56  Drone  
  18  1:09  Hatchery  
  17  1:11  Spawning Pool  
  17  1:15  Drone  
  17  1:20  Drone  
  18  1:31  Drone, Extractor  
  18  1:47  Drone  
  19  1:58  Queen, Zergling x2  
  22  2:03  Overlord  
  22  2:20  Queen  
  24  2:23  Drone x2  
  24  2:26  Drone  
  27  2:33  Queen  
  29  2:45  Drone x4  
  29  2:50  Metabolic Boost  
  33  3:04  Baneling Nest, Overlord  
  32  3:06  Zergling x4  
  32  3:09  Queen  
  36  3:24  Zergling x10  
  41  3:38  Zergling x6  
  41  3:39  Overlord x2  
  43  3:54  Baneling x4  
  43  3:55  Baneling  
  43  3:57  Zergling x2  
  43  3:58  Zergling x6  
  46  4:07  Overlord  
  40  4:28  Zergling x2  
  40  4:29  Zergling x12  
  44  4:34  Roach Warren  
  44  4:35  Zergling x4, Extractor  
  44  4:36  Zergling x2  
  39  4:53  Baneling x3  
  39  4:59  Lair  
  39  5:00  Baneling  
  39  5:01  Baneling  
  39  5:06  Drone x5  
  44  5:16  Roach x3  
  48  5:43  Drone x6  
  48  5:44  Drone x2, Evolution Chamber  
  48  5:45  Drone  
  48  5:46  Evolution Chamber  
  48  5:48  Baneling x2  
  55  5:55  Baneling x3  
  53  6:18  Zergling x6  
  54  6:19  Zergling x12  
  49  6:43  Roach  
  49  6:44  Roach x5  
Show
View Real Time Build Order
Export as new Build Order

IIllIIllIIll Zerg - Winner!

Build Orders: Pool First, Zergling Baneling 

Get SALT Encoding   

  12  0:00  Drone  
  13  0:10  Drone  
  14  0:17  Overlord  
  14  0:38  Drone x2  
  16  0:44  Spawning Pool  
  16  0:45  Drone  
  16  0:55  Drone  
  17  1:15  Hatchery  
  17  1:16  Drone  
  17  1:19  Extractor  
  16  1:31  Queen  
  19  1:32  Drone  
  19  1:33  Zergling x2  
  20  1:46  Drone  
  21  1:56  Drone  
  21  2:01  Overlord  
  22  2:19  Queen  
  22  2:21  Drone x2, Metabolic Boost  
  26  2:29  Drone  
  26  2:38  Drone  
  26  2:39  Drone x4  
  31  2:44  Overlord  
  31  2:53  Drone  
  32  3:01  Hatchery  
  32  3:05  Baneling Nest  
  30  3:06  Zergling x2  
  30  3:10  Drone  
  30  3:11  Drone  
  33  3:14  Drone  
  33  3:16  Zergling x2  
  36  3:20  Drone, Zergling x2  
  36  3:26  Drone x2  
  39  3:27  Drone  
  39  3:31  Drone  
  41  3:36  Overlord  
  41  3:40  Zergling x6  
  44  3:54  Baneling x2  
  44  3:56  Zergling x8  
  44  4:01  Zergling x2  
  44  4:02  Zergling x4  
  51  4:04  Extractor  
  51  4:07  Baneling x4  
  49  4:13  Zergling x2  
  49  4:14  Zergling x2  
  51  4:24  Zergling x2  
  50  4:29  Zergling x6  
  49  4:31  Drone x2  
  49  4:32  Roach Warren  
  49  4:35  Drone x2  
  49  4:36  Drone, Overlord  
  53  4:39  Zergling x6  
  55  4:46  Zergling x2  
  55  4:49  Zergling x4  
  55  4:52  Baneling  
  55  4:53  Baneling x3, Overlord  
  55  4:57  Drone  
  57  5:00  Baneling x2, Drone  
  57  5:02  Overlord  
  57  5:08  Overlord  
  57  5:09  Overlord x2  
  57  5:27  Roach x2  
  57  5:28  Roach x5  
  71  5:30  Roach x2  
  75  5:39  Roach x4  
  75  5:41  Roach  
  83  5:43  Drone  
  83  5:47  Roach  
  83  5:48  Roach  
  88  5:52  Roach  
  88  5:53  Overlord  
  89  6:10  Drone x4  
  92  6:12  Drone x5  
  92  6:13  Lair  
  92  6:17  Drone  
  92  6:18  Overlord  
  98  6:26  Roach x2  
  98  6:30  Roach x2  
  103  6:41  Roach x2  
  103  6:43  Roach  
  103  6:44  Queen, Zergling x12  
  103  6:45  Overlord  
  110  6:51  Roach x2  
  113  6:57  Roach  
Tags
 
Add a new tag
Caveats
  • Supply blocks, unpowered buildings, or Contaminate may cause inaccurate times.
  • Supply counts are checked every 10 seconds.